 Dungeon Crawl Stone Soup version 0.29-a0-322-g68df515 (webtiles) character file.

Game seed: 6105619266400430446

502 Illumine the Charlatan (level 7, 0/52 HPs)
             Began as a Gnoll Wanderer on Apr 9, 2022.
             Slain by an iguana (2 damage)
             ... on level 5 of the Dungeon.
             The game lasted 00:09:08 (5003 turns).

Illumine the Charlatan (Gnoll Wanderer)             Turns: 5003, Time: 00:09:09

Health: 0/52       AC:  5    Str:  9    XL:     7   Next: 17%
Magic:  12/12      EV: 12    Int: 13    God:
Gold:   232        SH:  0    Dex: 17    Spells: 6/13 levels left

rFire   . . .      SeeInvis +   E - +0 war axe (elec)
rCold   . . .      Faith    .   (no shield)
rNeg    . . .      Spirit   .   d - +0 robe
rPois   +          Reflect  .   (no helmet)
rElec   .          Harm     .   l - +0 cloak
rCorr   .          Rampage  .   y - +1 pair of gloves {Dex+3}
Will    .....                   (no boots)
Stlth   +++.......              (no amulet)
HPRegen 0.17/turn               m - ring of see invisible
MPRegen 0.13/turn               u - ring of poison resistance

@: no status effects
A: fangs 1, strong nose, distributed training
a: no special abilities


You were on level 5 of the Dungeon.
You visited 1 branch of the dungeon, and saw 5 of its levels.

You collected 232 gold pieces.

Inventory:

Hand Weapons
 a - a +0 vorpal hunting sling
 o - a +0 short sword
 z - a +2 dagger of draining
 E - a +0 war axe of electrocution (weapon)
Missiles
 e - 267 stones
 w - 11 poisoned darts
Armour
 d - a +0 robe (worn)
 l - a +0 cloak (worn)
 x - a +0 plate armour
 y - a +1 pair of gloves of dexterity (worn)
Jewellery
 m - a ring of see invisible (left hand)
 u - a ring of poison resistance (right hand)
Wands
 b - a wand of polymorph (6)
 A - a wand of iceblast (6)
Scrolls
 i - 3 scrolls of identify {unknown}
 k - 2 scrolls of magic mapping {unknown}
 n - 2 scrolls of fear {unknown}
 p - 2 scrolls of enchant weapon {unknown}
 q - a scroll of enchant armour {unknown}
 t - 2 scrolls of teleportation {unknown}
 D - a scroll of noise {unknown}
Potions
 c - 3 potions of haste
 f - 2 potions of lignification {unknown}
 g - 2 potions of resistance {unknown}
 h - a potion of attraction {unknown}
 j - a potion of flight {unknown}
 r - a potion of heal wounds {unknown}
 s - a potion of ambrosia {unknown}
 v - a potion of curing {unknown}
 B - a potion of degeneration {unknown}
 C - a potion of magic {unknown}


   Skills:
 + Level 3.5 Fighting
 + Level 2.3 Short Blades
 + Level 2.3 Long Blades
 + Level 2.3 Axes
 + Level 2.3 Maces & Flails
 + Level 2.3 Polearms
 + Level 2.3 Staves
 + Level 5.1 Slings
 + Level 2.3 Bows
 + Level 2.3 Crossbows
 + Level 3.5 Throwing
 + Level 2.3 Armour
 + Level 2.3 Dodging
 + Level 3.3 Stealth
 + Level 2.3 Shields
 + Level 2.3 Unarmed Combat
 + Level 3.7 Spellcasting
 + Level 4.2 Conjurations
 + Level 1.9 Hexes
 + Level 1.9 Summonings
 + Level 1.9 Necromancy
 + Level 1.9 Translocations
 + Level 1.9 Transmutations
 + Level 1.9 Fire Magic
 + Level 1.9 Ice Magic
 + Level 1.9 Air Magic
 + Level 1.9 Earth Magic
 + Level 1.9 Poison Magic
 + Level 2.5 Invocations
 + Level 5.1 Evocations


You had 6 spell levels left.
You knew the following spells:

 Your Spells              Type           Power      Damage    Failure   Level
a - Magic Dart            Conj           52%        1d5       3%          1
b - Conjure Flame         Conj/Fire      10%        6-21      19%         3
c - Mephitic Cloud        Conj/Pois/Air  9%         N/A       22%         3

Your spell library contained the following spells:

 Spells                   Type           Power      Damage    Failure   Level
 Ignite Poison            Fire/Tmut/Pois 7%         N/A       28%         3
 Sticky Flame             Conj/Fire      10%        2d3       52%         4
 Freezing Cloud           Conj/Ice/Air   4%         6-21      89%         5


Dungeon Overview and Level Annotations

Branches:
Dungeon (5/15)
 Temple: D:4-7

Altars:

Annotations:
D:4 Dowan, Duvessa


Innate Abilities, Weirdness & Mutations

You have very sharp teeth.
Your uncanny sense of smell can sniff out nearby items.
Your experience applies equally to all skills.


Message History

You hit the iguana.
The iguana is heavily wounded.
The iguana bites you. The iguana barely misses you.
You hit the iguana but do no damage. You bite the iguana, but do no damage.
The iguana is heavily wounded.
The iguana bites you.
You hit the iguana but do no damage. You bite the iguana, but do no damage.
The iguana is heavily wounded.
The iguana misses you.
You closely miss the iguana.
The iguana is heavily wounded.
The iguana barely misses you. x2
You closely miss the iguana.
The iguana is heavily wounded.
The iguana bites you!
You barely miss the iguana.
The iguana is heavily wounded.
The iguana closely misses you. The iguana barely misses you.
You hit the iguana. You bite the iguana, but do no damage.
The iguana is heavily wounded.
The iguana barely misses you.
You barely miss the iguana.
The iguana is heavily wounded.
The iguana barely misses you.
You barely miss the iguana.
The iguana is heavily wounded.
The iguana misses you. x2
You slash the iguana! You bite the iguana, but do no damage.
The iguana is almost dead.
The iguana bites you.
You barely miss the iguana.
The iguana is almost dead.
The iguana bites you!
* * * LOW HITPOINT WARNING * * *
The iguana bites you!
* * * LOW HITPOINT WARNING * * *
You closely miss the iguana.
The iguana is almost dead.
The iguana bites you.
You die...

####.##.......#
.....)........#######
####.###.####.#.....#
#...##.# #.#.###.#
#...##.# #.#<..#.#
#....#.# #.#.#.#.#
#<.....# #.#.#.#.#
#.##...######.#.#l#.#
................@.#.#
..^#.#..###########.#
...#.#..####........#
.. #.#.......########
.. #.##.###### . ∆#.
#.# ∆ ..# ####


You could see an iguana.

Vanquished Creatures
  Eustachio (D:4)
  A hound (D:4)
  2 gnoll shamans
  17 gnolls
  4 adders
  3 worms
  2 dart slugs (D:1)
  2 orcs
  12 ball pythons
  A bat (D:2)
  5 endoplasms
  A giant cockroach (D:3)
  5 goblins
  4 hobgoblins
  6 jackals (D:1)
  A quokka (D:1)
  3 frilled lizards
  6 kobolds
  7 rats
83 creatures vanquished.

Notes
Turn   | Place    | Note
-------+----------+-------------------------------------------
     0 | D:1      | Illumine the Gnoll Wanderer began the quest for the Orb.
     0 | D:1      | Illumine set off with the following items: a +0 vorpal
                  | hunting sling, a wand of polymorph (6), a potion of haste,
                  | a +0 robe; and the following spell memorised: Magic Dart;
                  | and the following spells available to memorise: Conjure
                  | Flame
     0 | D:1      | Reached XP level 1. HP: 17/17 MP: 4/4
   236 | D:1      | Reached XP level 2. HP: 23/23 MP: 2/5
   745 | D:1      | Found a faded altar of an unknown god.
   905 | D:1      | Reached XP level 3. HP: 28/28 MP: 2/7
  1179 | D:2      | Reached skill level 1 in Invocations
  1184 | D:2      | Learned a level 3 spell: Conjure Flame
  1283 | D:2      | Reached skill level 1 in Short Blades
  1283 | D:2      | Reached skill level 1 in Long Blades
  1283 | D:2      | Reached skill level 1 in Axes
  1283 | D:2      | Reached skill level 1 in Maces & Flails
  1283 | D:2      | Reached skill level 1 in Polearms
  1283 | D:2      | Reached skill level 1 in Staves
  1283 | D:2      | Reached skill level 1 in Bows
  1283 | D:2      | Reached skill level 1 in Crossbows
  1283 | D:2      | Reached skill level 1 in Armour
  1283 | D:2      | Reached skill level 1 in Dodging
  1283 | D:2      | Reached skill level 1 in Shields
  1283 | D:2      | Reached skill level 1 in Unarmed Combat
  1414 | D:2      | Reached XP level 4. HP: 34/34 MP: 1/8
  1614 | D:2      | Reached skill level 1 in Hexes
  1614 | D:2      | Reached skill level 1 in Summonings
  1614 | D:2      | Reached skill level 1 in Necromancy
  1614 | D:2      | Reached skill level 1 in Translocations
  1614 | D:2      | Reached skill level 1 in Transmutations
  1614 | D:2      | Reached skill level 1 in Fire Magic
  1614 | D:2      | Reached skill level 1 in Ice Magic
  1614 | D:2      | Reached skill level 1 in Air Magic
  1614 | D:2      | Reached skill level 1 in Earth Magic
  1614 | D:2      | Reached skill level 1 in Poison Magic
  1823 | D:2      | Learned a level 3 spell: Mephitic Cloud
  2340 | D:3      | Reached XP level 5. HP: 39/40 MP: 1/9
  3057 | D:4      | Noticed Duvessa
  3057 | D:4      | Noticed Dowan
  3319 | D:3      | Reached XP level 6. HP: 40/47 MP: 10/10
  3657 | D:4      | Noticed Eustachio
  3920 | D:4      | Killed Eustachio
  3921 | D:4      | Reached skill level 5 in Slings
  3921 | D:4      | Reached skill level 5 in Evocations
  4235 | D:4      | Reached XP level 7. HP: 14/52 MP: 12/12
  4933 | D:5      | Entered Level 5 of the Dungeon
  5002 | D:5      | HP: 2/52 [iguana (13)]
  5003 | D:5      | Slain by an iguana

Illustrated notes

Levels and vault maps discovered:
D:1:      lemuel_arrival_cross, layout_basic,
          hellmonk_ecumenical_altar_crossroads
D:2:      layout_rooms
D:3:      layout_basic
D:4:      layout_rooms, uniq_duvessa, uniq_eustachio
D:5:      kennysheep_big_flooded_room, layout_basic,
          minmay_temple_entry_gardened_gates

Skill      XL: |  1  2  3  4  5  6 |
---------------+-------------------+-----
Invocations    | 1 2 |  2.5
Short Blades   | 1 2 |  2.3
Long Blades    | 1 2 |  2.3
Axes           | 1 2 |  2.3
Maces & Flails | 1 2 |  2.3
Polearms       | 1 2 |  2.3
Staves         | 1 2 |  2.3
Bows           | 1 2 |  2.3
Crossbows      | 1 2 |  2.3
Armour         | 1 2 |  2.3
Dodging        | 1 2 |  2.3
Shields        | 1 2 |  2.3
Unarmed Combat | 1 2 |  2.3
Spellcasting   | 3 |  3.7
Hexes          | 1 |  1.9
Summonings     | 1 |  1.9
Necromancy     | 1 |  1.9
Translocations | 1 |  1.9
Transmutations | 1 |  1.9
Fire Magic     | 1 |  1.9
Ice Magic      | 1 |  1.9
Air Magic      | 1 |  1.9
Earth Magic    | 1 |  1.9
Poison Magic   | 1 |  1.9
Fighting       | 3 |  3.5
Throwing       | 3 |  3.5
Conjurations   | 4 |  4.2
Stealth        | 3 |  3.3
Slings         | 5 |  5.1
Evocations     | 5 |  5.1

Action                   |  1- 3 |  4- 6 |  7- 9 || total
-------------------------+-------+-------+-------++-------
Melee: War axe           |       |     3 |    24 ||    27
       Bite              |       |     1 |     4 ||     5
 Fire: Hunting sling     |    37 |   128 |       ||   165
 Cast: Magic Dart        |    53 |    62 |     2 ||   117
       Conjure Flame     |     1 |       |       ||     1
 Stab: Sleeping          |       |       |     1 ||     1
Armor: Robe              |     5 |    32 |     2 ||    39
Dodge: Dodged            |    12 |    83 |    16 ||   111

Table legend: (Time is in decaauts)
 A = Elapsed time spent in this place.
 B = Non-inter-level travel time spent in this place.
 C = Inter-level travel time spent in this place.
 D = Time resting spent in this place.
 E = Time spent auto-exploring this place.
 F = Levels seen in this place.
 G = Mean time per level.
                   A        B        C        D        E       F      G
               +--------+--------+--------+--------+--------+-----+--------+
         Total |   5062 |   4894 |    168 |   1444 |   2608 |   5 | 1012.4 |
       Dungeon |   5062 |   4894 |    168 |   1444 |   2608 |   5 | 1012.4 |
               +--------+--------+--------+--------+--------+-----+--------+

Top non-repeatable levels by time:
     D:3: 1889 daAuts
     D:1: 1087 daAuts
     D:4: 1081 daAuts
     D:2: 930 daAuts
     D:5: 74 daAuts
